 Dungeon Sprint DCSS version 0.21.1-1-g345015f (webtiles) character file.

123 equalderp2856 the Covered (level 4, -7/45 HPs)
             Began as a Minotaur Fighter on May 4, 2018.
             Mangled by a killer bee (10 damage)
             ... in the Dungeon (Sprint IV: "Fedhas' Mad Dash").
             The game lasted 00:01:24 (855 turns).

equalderp2856 the Covered (Minotaur Fighter)         Turns: 855, Time: 00:01:24

Health: -7/45      AC:  8    Str: 21    XL:     4   Next: 80%
Magic:  3/4        EV:  8    Int:  5    God:
Gold:   58         SH: 10    Dex: 10    Spells: 3/3 levels left

rFire    . . .     SeeInvis .   a - +0 war axe
rCold    . . .     Gourm    .   c - +0 shield
rNeg     . . .     Faith    .   b - +0 scale mail
rPois    .         Spirit   .   (helmet restricted)
rElec    .         Reflect  .   (no cloak)
rCorr    .         Harm     .   (no gloves)
MR       .....     NoTele   +   (no boots)
Stlth    ..........             m - amulet of invisibility {+Inv}
HPRegen  0.15/turn              (no ring)
MPRegen  0.09/turn              (no ring)

@: lethally poisoned (-7 -> -12), very slightly contaminated
A: retaliatory headbutt, horns 2
a: Evoke Invisibility


You were in the Dungeon.
You were not hungry.

You visited 1 branch You collected 58 gold pieces.

Inventory:

Hand Weapons
 a - a +0 war axe (weapon)
Armour
 b - a +0 scale mail (worn)
 c - a +0 shield (worn)
Jewellery
 m - the amulet of invisibility (around neck) {+Inv}
   (You found it in the Dungeon)

   [amulet of nothing]

   It lets you turn invisible.
Scrolls
 l - a scroll of remove curse {unknown}
Potions
 d - a potion of might
 g - a potion of heal wounds
 h - a potion of haste
 i - 2 potions of magic
 j - a potion of berserk rage
 n - a potion of cancellation {unknown}
Comestibles
 f - 2 rations


   Skills:
 + Level 6.6 Fighting
 + Level 3.9 Axes
 + Level 7.4 Armour
 + Level 0.8 Dodging
 * Level 2.1 Stealth
 + Level 6.3 Shields
 * Level 1.9 Evocations


You had 3 spell levels left.
You didn't know any spells.

Dungeon Overview and Level Annotations

Branches:
Dungeon (1/1)

Altars:


Innate Abilities, Weirdness & Mutations

You reflexively headbutt those who attack you in melee.
You have a pair of horns on your head.


Message History

You miss the killer bee.
The killer bee is almost dead.
The killer bee stings you!
* * * LOW HITPOINT WARNING * * *
You block the killer bee's attack.
The killer bee stings you but does no damage.
The killer bee stings you.
* * * LOW HITPOINT WARNING * * *
You are lethally poisoned!
The killer bee poisons you! You block the killer bee's attack.
You barely miss the killer bee.
The killer bee is almost dead.
* * * LOW HITPOINT WARNING * * *
You feel sick. The killer bee barely misses you. You furiously retaliate!
You headbutt the killer bee.
You kill the killer bee!
Your Armour skill increases to level 7!
Your Stealth skill increases to level 2!
The killer bee stings you!
You die...

##################
#<..P#.....#.y...#
#PP..'....@yy#...+
#PPPP#.....#.#y..#
###############y##
♣....yy.§y...#
%.....♣....y#...#
.....♣..♣..######
#+## #+#####


You could see 3 killer bees.

Vanquished Creatures
  A killer bee (D)
  2 oklob saplings (D)
  A worker ant (D)
  A river rat (D)
  A rat (D)
6 creatures vanquished.

Notes
Turn   | Place    | Note
-------+----------+-------------------------------------------
     0 | D        | equalderp2856 the Minotaur Fighter began the quest for the Orb.
     0 | D        | Reached XP level 1. HP: 19/19 MP: 0/0
    10 | D        | Reached skill level 4 in Armour
    10 | D        | Reached XP level 2. HP: 17/28 MP: 1/1
   231 | D        | Noticed an oklob sapling
   489 | D        | Killed an oklob sapling
   489 | D        | Reached skill level 5 in Fighting
   489 | D        | Reached skill level 5 in Armour
   489 | D        | Reached skill level 5 in Shields
   489 | D        | Reached XP level 3. HP: 36/36 MP: 2/2
   493 | D        | Found the amulet of invisibility {+Inv}
   503 | D        | Reached skill level 6 in Armour
   705 | D        | Noticed an oklob sapling
   710 | D        | Killed an oklob sapling
   710 | D        | Reached skill level 1 in Stealth
   710 | D        | Reached skill level 1 in Evocations
   710 | D        | Reached XP level 4. HP: 44/44 MP: 0/3
   834 | D        | Noticed a queen bee
   855 | D        | Reached skill level 7 in Armour
   855 | D        | Mangled by a killer bee

Skill      XL: |  1  2  3  4 |
---------------+-------------+-----
Fighting       | 4 5 6 |  6.6
Armour         | 4 5 6 7 |  7.4
Shields        | 4 5 6 |  6.3
Axes           | 3 |  3.9
Stealth        | 1 2 |  2.1
Evocations     | 1 |  1.9
Dodging        | |  0.8

Action                   |  1- 3 |  4- 6 || total
-------------------------+-------+-------++-------
Melee: War axe           |    17 |     8 ||    25
       Headbutt          |     7 |       ||     7
 Abil: Evoke Invisibilit |     1 |     1 ||     2
  Use: Scroll            |       |     1 ||     1
       Potion            |       |     1 ||     1
Armor: Scale mail        |     5 |     3 ||     8
Dodge: Dodged            |     2 |    14 ||    16
Block: Shield            |     7 |    10 ||    17
